 Dungeon Crawl Stone Soup version 0.32-a0-30-gefbe487952 (webtiles) character file.

Game seed: 6831823293155080941

81 PriceMaster the Firebug (level 4, -5/27 HPs)
             Began as an Octopode Fire Elementalist on Jan 19, 2024.
             Slain by a bullfrog (8 damage)
             ... on level 3 of the Dungeon.
             The game lasted 00:03:36 (1622 turns).

PriceMaster the Firebug (OpFE)                      Turns: 1622, Time: 00:03:36

Health: -5/27      AC:  1    Str:  9    XL:     4   Next: 40%
Magic:  2/7        EV: 28    Int: 17    God:
Gold:   126        SH:  0    Dex: 12    Spells: 5/8 levels left

rFire   . . .        l - +0 spear
rCold   . . .        h - orb {guile}
rNeg    . . .        (helmet restricted)
rPois   .            d - amulet of the acrobat
rElec   .            (no ring)
rCorr   .            (no ring)
SInv    .            (no ring)
Will    .....        (no ring)
Stlth   +++          (no ring)
HPRegen 0.24/turn    (no ring)
MPRegen 0.10/turn    (no ring)
                     (no ring)

%: acrobat
@: acrobatic
A: almost no armour, amphibious, 8 rings, camouflage 1, gelatinous body 1,
(nimble swimmer 1), tentacles
a: no special abilities


You were on level 3 of the Dungeon.
You visited 1 branch of the dungeon, and saw 3 of its levels.

You collected 126 gold pieces.

Inventory:

Hand Weapons
 c - a +0 club
 e - a +0 dagger
 l - a +0 spear (weapon)
Armour
 h - an orb of guile (worn)
Jewellery
 d - an amulet of the acrobat (around mantle)
Talismans
 o - a storm talisman
Scrolls
 b - 3 scrolls of identify {unknown}
 f - a scroll of torment {unknown}
 g - 3 scrolls of amnesia {unknown}
 k - 2 scrolls of fog {unknown}
Potions
 a - a potion of magic
 i - a potion of enlightenment {unknown}
 j - a potion of berserk rage {unknown}
 m - a potion of attraction {unknown}
 n - a potion of curing {unknown}


   Skills:
 + Level 0.4 Maces & Flails
 + Level 2.2 Dodging
 + Level 2.9 Stealth
 + Level 0.3 Unarmed Combat
 + Level 2.6 Spellcasting
 + Level 1.4 Conjurations
 + Level 4.1 Fire Magic


You had 5 spell levels left.
You knew the following spells:

 Your Spells              Type           Power      Damage    Failure   Level
a - Foxfire               Conj/Fire      44%        2x1d6     6%          1
b - Scorch                Fire           32%        2d6       4%          2

Your spell library contained the following spells:

 Spells                   Type           Power      Damage    Failure   Level
 Inner Flame              Hex/Fire       9%         N/A       24%         3
 Volatile Blastmotes      Fire/Tloc      18%        2d11      24%         3
 Flame Wave               Conj/Fire      11%        2d6       50%         4


Dungeon Overview and Level Annotations

Branches:
Dungeon (3/15)

Altars:
Vehumet


Innate Abilities, Weirdness & Mutations

You cannot wear most types of armour.
You are amphibious.
You can wear up to eight rings at the same time.
Your skin changes colour to match your surroundings (Stealth+).
Your rubbery body absorbs attacks. (AC +1, EV +1)
((You are camouflaged when in or above water. (Stealth+)))
You have tentacles for arms and can constrict up to eight enemies at once.


Message History

The foxfire hits the hobgoblin.
You kill the hobgoblin!
Casting: Foxfire (safe; 6% risk of failure)
Confirm with . or Enter, or press ? or * to list all spells.
You conjure some foxfire!
The foxfire hits the kobold.
The kobold is moderately wounded.
Casting: Foxfire (safe; 6% risk of failure)
Confirm with . or Enter, or press ? or * to list all spells.
You conjure some foxfire!
The foxfire hits the kobold but does no damage.
The kobold is moderately wounded.
The foxfire hits the kobold.
The kobold is heavily wounded.
The foxfire hits the kobold.
You kill the kobold!
A bullfrog comes into view.
Your foxfire dissipates!
Your foxfire dissipates!
A bullfrog is nearby!
You begin untransforming.
You continue untransforming. x3
Your transformation has ended.
Your +0 spear unmelds from your body.
Your orb of guile unmelds from your body.
Okay, then.
Casting: Foxfire (safe; 6% risk of failure)
Confirm with . or Enter, or press ? or * to list all spells.
You conjure some foxfire!
The bullfrog gives a loud, deep croak!
Casting: Foxfire (safe; 6% risk of failure)
Confirm with . or Enter, or press ? or * to list all spells.
You conjure some foxfire!
The foxfire hits the bullfrog.
The bullfrog is lightly wounded.
The foxfire hits the bullfrog.
The bullfrog is lightly wounded.
The foxfire hits the bullfrog.
The bullfrog is moderately wounded.
The foxfire hits the bullfrog.
The bullfrog is moderately wounded.
The bullfrog hits you!
You die...

############....###.##..
#...)# ... #....# #.#
#....# ##..#
###....##...#
#..........#
#.......§..# #
+.......§..+....
#......F@/..#
#.......#.......
#........)..####
#.....#._.#.#
...........#
.......#....
............. ... ...
... ..


You could see a bullfrog.

Vanquished Creatures
  A gnoll (D:1)
  An adder (D:2)
  A ribbon worm (D:3)
  6 ball pythons
  4 bats
  6 endoplasms
  2 giant cockroaches
  6 goblins
  5 hobgoblins
  5 jackals (D:2)
  6 kobolds
  2 quokkas (D:1)
  4 frilled lizards
  A rat (D:1)
50 creatures vanquished.

Vanquished Creatures (others)
  59 foxfires
59 creatures vanquished.

Grand Total: 109 creatures vanquished

Notes
Turn   | Place    | Note
-------+----------+-------------------------------------------
     0 | D:1      | PriceMaster the Octopode Fire Elementalist began the quest
                  | for the Orb.
     0 | D:1      | Reached XP level 1. HP: 11/11 MP: 3/3
   142 | D:1      | Reached XP level 2. HP: 17/17 MP: 0/5
   393 | D:1      | Reached XP level 3. HP: 14/21 MP: 1/6
   403 | D:1      | Learned a level 2 spell: Scorch
   927 | D:2      | Reached skill level 4 in Fire Magic
  1163 | D:2      | Reached XP level 4. HP: 23/27 MP: 1/7
  1605 | D:3      | Found a radiant altar of Vehumet.
  1612 | D:3      | Noticed a bullfrog
  1622 | D:3      | Slain by a bullfrog

Illustrated notes

Levels and vault maps discovered:
D:1:      saegor_arrival_miasma, layout_basic, st_stairs_14
D:2:      layout_rooms
D:3:      layout_basic, vehumet_altar_wand_db,
          nicolae_overflow_ecumenical_swirl, minmay_increasing_density,
          uniq_robin

Skill      XL: |  1  2  3 |
---------------+----------+-----
Fire Magic     | 4 |  4.1
Maces & Flails | |  0.4
Dodging        | |  2.2
Stealth        | |  2.9
Unarmed Combat | |  0.3
Spellcasting   | |  2.6
Conjurations   | |  1.4

Action                     |  1- 3 |  4- 6 || total
---------------------------+-------+-------++-------
  Melee: Unarmed           |     4 |       ||     4
         Tentacles         |    13 |     6 ||    19
         Constrict         |    14 |     3 ||    17
         Club              |    41 |     7 ||    48
         Spear             |       |     5 ||     5
   Cast: Foxfire           |    28 |    10 ||    38
         Scorch            |     6 |     5 ||    11
   Stab: Sleeping          |     2 |     1 ||     3
 Armour: Skin              |    16 |     6 ||    22
  Dodge: Dodged            |    42 |     7 ||    49
         Form:             |       |     1 ||     1
         Storm             |       |     1 ||     1

Table legend: (Time is in decaauts)
 A = Elapsed time spent in this place.
 B = Non-inter-level travel time spent in this place.
 C = Inter-level travel time spent in this place.
 D = Time resting spent in this place.
 E = Time spent auto-exploring this place.
 F = Levels seen in this place.
 G = Mean time per level.
                   A        B        C        D        E       F      G
               +--------+--------+--------+--------+--------+-----+--------+
         Total |   1635 |   1566 |     69 |     28 |   1218 |   3 |  545.0 |
       Dungeon |   1635 |   1566 |     69 |     28 |   1218 |   3 |  545.0 |
               +--------+--------+--------+--------+--------+-----+--------+

Top non-repeatable levels by time:
     D:1: 872 daAuts
     D:2: 599 daAuts
     D:3: 163 daAuts
